 Dungeon Crawl Stone Soup version 0.29.1-12-g30fa7ad0bf (webtiles) character file.

Game seed: 2732859801245783089

98 JanusIIV the Cudgeller (level 4, 0/28 HPs)
             Began as a Gargoyle Berserker on Dec 31, 2022.
             Was a Follower of Trog.
             Slain by a goblin
             ... wielding a +0 club
             ... led by Robin
              (1 damage)
             ... on level 2 of the Dungeon.
             The game lasted 00:02:19 (577 turns).

JanusIIV the Cudgeller (Gargoyle Berserker)          Turns: 577, Time: 00:02:19

Health: 0/28       AC:  6    Str: 22    XL:     4   Next: 71%
Magic:  4/4        EV: 15    Int:  8    God:    Trog [*.....]
Gold:   96         SH:  0    Dex:  9    Spells: 3/3 levels left

rFire   . . .      SeeInvis .   a - +0 mace
rCold   . . .      Faith    .   (no shield)
rNeg    + . .      Spirit   .   g - +0 leather armour
rPois   ∞          Reflect  .   (no helmet)
rElec   +          Harm     .   (no cloak)
rCorr   .          Rampage  .   (no gloves)
Will    .....                   (no boots)
Stlth   +.........              (no amulet)
HPRegen 0.09/turn               d - +4 ring of evasion
MPRegen 0.09/turn               (no ring)

@: about to teleport, on berserk cooldown, hasted, very quick
A: sickness immunity, AC +3, negative energy resistance 1, electricity
resistance, torment resistance 1, petrification resistance
a: Renounce Religion, Berserk


You were on level 2 of the Dungeon.
You worshipped Trog.
Trog was aware of your devotion.
You visited 1 branch of the dungeon, and saw 2 of its levels.

You collected 96 gold pieces.

Inventory:

Hand Weapons
 a - a +0 mace (weapon)
Armour
 g - a +0 leather armour (worn)
 j - a +0 ring mail
Jewellery
 d - a +4 ring of evasion (left hand)
 k - an amulet of magic regeneration
Scrolls
 e - a scroll of magic mapping {unknown}
 h - a scroll of immolation {unknown}


   Skills:
 - Level 3.2 Fighting
 + Level 5.3 Maces & Flails
 - Level 2.1 Armour
 - Level 1.5 Dodging


You had 3 spell levels left.
You didn't know any spells.
Your spell library was empty.

Dungeon Overview and Level Annotations

Branches:
Dungeon (2/15)

Altars:


Innate Abilities, Weirdness & Mutations

You are immune to sickness and miasma.
Your stone body is resilient. (AC +3)
You are immune to poison.
You resist negative energy. (rN+)
You are resistant to electric shocks. (rElec)
You are resistant to unholy torment.
You are immune to petrification.


Message History

You thump the hobgoblin!
You kill the hobgoblin!
Trog accepts your kill.
You are no longer berserk.
You are exhausted.
You feel yourself slow down. The goblin misses you.
The hobgoblin barely misses you. The goblin barely misses you.
The goblin hits you with a +0 club.
* * * LOW HITPOINT WARNING * * *
The goblin unwields a +0 sling.
The goblin wields a +0 club.
The goblin closely misses you.
It was a potion of cancellation.
Your magical effects are unravelling.
You feel magically purged.
You feel yourself speed up.
The goblin no longer looks unusually strong.
The goblin barely misses you. The hobgoblin barely misses you. x2
The goblin closely misses you. The goblin barely misses you.
The goblin hits you with a +0 club.
* * * LOW HITPOINT WARNING * * *
The goblin barely misses you. The goblin closely misses you.
The hobgoblin closely misses you.
The hobgoblin hits you but does no damage.
The goblin closely misses you.
It was a potion of haste.
You feel yourself speed up.
The goblin no longer looks unusually strong.
The goblin hits you but does no damage. The goblin misses you.
The hobgoblin hits you but does no damage.
The hobgoblin barely misses you.
The goblin hits you but does no damage. x2
Okay, then.
As you read the scroll labelled GOPHISTO HUINI, it crumbles to dust.
It is a scroll of identify.
c - a scroll of teleportation The goblin completely misses you.
As you read the scroll of teleportation, it crumbles to dust.
You feel strangely unstable. The goblin hits you but does no damage.
The hobgoblin misses you. The hobgoblin closely misses you.
The goblin closely misses you. The goblin barely misses you.
The goblin hits you with a +0 club.
You die...

..†...........# ....
.#.).######...##.?......
..<...........##.# ....#
###.#.#.##.....#.#.....#
..#..........#.#......
..# ##.#..<..#.#.....#
#..# #.#...).#........
.... ........ggg......
#..# #.#.....g@g##### .#
#.#.....##g# . #.###.#
.# #. #.# .# . ... .. #
$.. ## ...


You could see 2 hobgoblins and 4 goblins.

Vanquished Creatures
  Natasha (D:2)
  Robin (D:2)
  4 adders (D:2)
  A worm (D:2)
  2 endoplasms (D:1)
  A giant cockroach (D:2)
  3 goblins (D:2)
  2 hobgoblins
  2 jackals (D:1)
  4 ball pythons
  2 bats
  2 frilled lizards (D:2)
  A kobold (D:2)
  3 rats
29 creatures vanquished.

Vanquished Creatures (others)
  A ghoul (D:1)
  A minotaur (D:1)
  A demonspawn (D:1)
  An octopode (D:1)
  A gargoyle (D:1)
  2 vine stalkers (D:1)
  An ogre (D:1)
  2 orcs (D:1)
  2 kobolds (D:1)
  8 tentacles (D:1)
20 creatures vanquished.

Grand Total: 49 creatures vanquished

Notes
Turn   | Place    | Note
-------+----------+-------------------------------------------
     0 | D:1      | JanusIIV the Gargoyle Berserker began the quest for the
                  | Orb.
     0 | D:1      | Reached XP level 1. HP: 14/14 MP: 1/1
     0 | D:1      | Noticed a vine stalker
     0 | D:1      | Noticed a vine stalker
     0 | D:1      | Noticed a demonspawn
     0 | D:1      | Noticed a kraken
     0 | D:1      | Noticed a ghoul
     0 | D:1      | Noticed a gargoyle
     0 | D:1      | Noticed a minotaur
     0 | D:1      | Noticed an octopode
     0 | D:1      | Noticed an ogre
     7 | D:1      | Killed a demonspawn
     8 | D:1      | Killed a gargoyle
     8 | D:1      | Killed an octopode
     9 | D:1      | Killed a vine stalker
    12 | D:1      | Killed an ogre
    13 | D:1      | Killed a vine stalker
    17 | D:1      | Killed a ghoul
    18 | D:1      | Killed a minotaur
   134 | D:1      | Reached XP level 2. HP: 16/19 MP: 2/2
   403 | D:2      | Reached skill level 4 in Maces & Flails
   404 | D:2      | Reached XP level 3. HP: 23/23 MP: 3/3
   502 | D:2      | Reached XP level 4. HP: 28/28 MP: 4/4
   552 | D:2      | Noticed Robin
   556 | D:2      | Noticed Natasha
   568 | D:2      | Killed Robin
   569 | D:2      | Reached skill level 5 in Maces & Flails
   570 | D:2      | Killed Natasha
   574 | D:2      | HP: 1/28 [goblin/+0 club[Robin] (5)]
   577 | D:2      | Slain by a goblin

Illustrated notes

Levels and vault maps discovered:
D:1:      nicolae_arrival_kraken_aquarium_a, layout_rooms, minmay_tetromino_s2
D:2:      layout_basic, basic_altar, minmay_tree_intersection,
          minmay_lizard_king, uniq_robin, uniq_sigmund, uniq_natasha

Skill      XL: |  1  2  3  4 |
---------------+-------------+-----
Maces & Flails | 4 5 |  5.3
Fighting       | |  3.2
Armour         | |  2.1
Dodging        | |  1.5

Action                   |  1- 3 |  4- 6 || total
-------------------------+-------+-------++-------
Melee: Mace              |    43 |    17 ||    60
Invok: Berserk           |     1 |     1 ||     2
  Use: Scroll            |       |     2 ||     2
       Potion            |       |     2 ||     2
Armor: Animal skin       |     4 |       ||     4
       Leather armour    |     9 |    14 ||    23
Dodge: Dodged            |    50 |    55 ||   105
